Map: Dusk Towers

Players

Neeb

  • Race: Protoss Protoss

Hydra - Winner!

  • Race: Zerg Zerg

Event: 2016 WCS Winter Circuit Championship

VOD

https://www.youtube.com/watch?v=CI9aTNtTc7g

Description

Time

  • Played on: March 4, 2016, 7:48 a.m.
  • Length: 14:21

All games in this series

Show
View Real Time Build Order
Export as new Build Order

Neeb Protoss 

Build Orders: 1 Gate Expand, Oracle Opening 

Get SALT Encoding   

  12  0:00  Probe (Chrono Boost)  
  13  0:11  Probe (Chrono Boost)  
  14  0:17  Pylon  
  14  0:22  Probe (Chrono Boost)  
  15  0:36  Probe (Chrono Boost)  
  15  0:37  Gateway  
  16  0:46  Probe (Chrono Boost)  
  18  0:57  Probe (Chrono Boost)  
  18  0:58  Assimilator  
  18  1:07  Probe (Chrono Boost)  
  19  1:19  Nexus  
  19  1:22  Probe (Chrono Boost)  
  20  1:31  Cybernetics Core  
  20  1:34  Probe (Chrono Boost)  
  21  1:44  Probe (Chrono Boost), Assimilator  
  22  1:50  Pylon  
  22  1:55  Probe (Chrono Boost)  
  23  2:08  Warp Gate, Probe (Chrono Boost), Adept (Chrono Boost)  
  26  2:20  Probe (Chrono Boost)  
  27  2:31  Stalker (Chrono Boost)  
  27  2:32  Probe x2 (Chrono Boost)  
  31  2:41  Stargate  
  31  2:42  Probe (Chrono Boost)  
  31  2:43  Probe (Chrono Boost)  
  33  2:52  Probe (Chrono Boost)  
  33  2:54  Probe (Chrono Boost)  
  35  3:00  Adept (Chrono Boost)  
  35  3:04  Probe (Chrono Boost)  
  38  3:06  Probe (Chrono Boost)  
  38  3:10  Pylon  
  39  3:15  Gateway, Probe (Chrono Boost)  
  39  3:16  Probe (Chrono Boost)  
  39  3:19  Gateway  
  41  3:24  Probe (Chrono Boost)  
  41  3:26  Oracle (Chrono Boost)  
  45  3:28  Probe  
  46  3:34  Probe  
  46  3:40  Probe  
  48  3:41  Pylon  
  48  3:44  Probe  
  49  3:52  Probe  
  49  3:55  Probe  
  49  4:00  Phoenix (Chrono Boost)  
  49  4:02  Nexus  
  52  4:04  Probe  
  52  4:06  Pylon  
  52  4:07  Probe  
  54  4:12  Adept  
  54  4:16  Probe  
  57  4:18  Pylon, Probe  
  57  4:22  Phoenix (Chrono Boost)  
  60  4:28  Probe x2  
  62  4:32  Assimilator x2  
  62  4:36  Sentry  
  64  4:39  Probe  
  64  4:40  Probe  
  64  4:44  Phoenix (Chrono Boost)  
  68  4:49  Probe  
  70  4:52  Probe  
  70  5:00  Forge, Probe  
  70  5:05  Mothership Core  
  75  5:07  Phoenix (Chrono Boost)  
  75  5:10  Probe  
  75  5:13  Probe, Assimilator  
  76  5:17  Robotics Facility  
  77  5:21  Probe  
  77  5:22  Assimilator  
  77  5:23  Probe  
  77  5:26  Probe  
  80  5:29  Phoenix (Chrono Boost)  
  80  5:31  Probe  
  80  5:33  Robotics Facility  
  80  5:34  Probe  
  84  5:38  Probe  
  84  5:40  Protoss Ground Weapons Level 1 (Chrono Boost)  
  84  5:42  Pylon, Probe  
  85  5:43  Stalker  
  85  5:44  Pylon, Probe, Stalker  
  91  5:50  Probe  
  91  5:53  Probe  
  93  5:58  Probe  
  93  6:01  Pylon x2  
  93  6:02  Pylon, Probe  
  95  6:05  Probe  
  95  6:06  Observer (Chrono Boost)  
  97  6:11  Probe  
  98  6:18  Twilight Council  
  98  6:20  Immortal (Chrono Boost)  
  98  6:21  Pylon  
  98  6:23  Sentry  
  104  6:27  Immortal (Chrono Boost)  
  108  6:36  Gateway  
  108  6:39  Gateway  
  108  6:42  Gateway  
  108  6:53  Zealot x2  
  116  6:55  Immortal (Chrono Boost)  
  116  6:57  Zealot  
  119  7:01  Immortal (Chrono Boost)  
  119  7:08  Gateway  
  119  7:10  Gateway  
  119  7:11  Templar Archives  
  119  7:23  Charge  
  119  7:28  Warp Prism (Chrono Boost)  
  119  7:29  Oracle  
  124  7:30  Pylon  
  124  7:33  Zealot x3  
  124  7:35  Immortal (Chrono Boost)  
  134  7:42  Zealot x2  
  138  7:46  Pylon  
  138  7:47  Pylon  
  138  7:57  Zealot x2  
  138  7:58  Zealot x2  
  146  8:01  Pylon  
  146  8:05  Immortal (Chrono Boost)  
  150  8:10  Immortal (Chrono Boost)  
  154  8:14  High Templar x2  
  154  8:15  High Templar x2  
  162  8:20  Archon  
  162  8:21  Nexus, Archon  
  162  8:30  Pylon  
  162  8:34  High Templar x2, Zealot x2  
  166  8:37  Pylon x2  
  166  8:40  Archon  
  170  8:43  Pylon  
  174  8:52  Pylon, Protoss Ground Weapons Level 2  
  178  8:55  Photon Cannon  
  178  8:56  Gateway  
  178  8:57  Gateway  
  178  9:03  Zealot x4  
  178  9:07  Zealot x2  
  188  9:14  Zealot x2  
  169  9:29  Observer (Chrono Boost)  
  160  9:35  Stargate  
  160  9:36  Warp Prism (Chrono Boost), Stargate, Fleet Beacon  
  150  9:42  Oracle  
  135  9:52  High Templar x3  
  127  9:58  High Templar  
  119  10:00  Probe x3  
  119  10:02  Probe  
  119  10:06  Assimilator  
  123  10:07  Archon  
  123  10:08  Archon  
  123  10:11  Immortal (Chrono Boost), Assimilator  
  123  10:12  Immortal (Chrono Boost), Probe  
  132  10:20  Sentry  
  124  10:29  Tempest  
  124  10:34  Tempest  
  128  10:41  Zealot x7  
  128  10:42  Zealot x2  
  136  10:43  Zealot  
  136  10:44  Tempest  
  128  10:57  Psionic Storm  
  126  11:09  Tempest  
  116  11:17  High Templar  
  116  11:18  High Templar  
  120  11:20  Tempest, Zealot x7  
  134  11:32  High Templar  
  140  11:33  Warp Prism  
  140  11:36  Pylon  
  140  11:38  Tempest  
  144  11:57  High Templar x2, Zealot  
  144  11:58  Zealot x4  
  158  12:08  Zealot x3  
  160  12:11  Tempest  
  156  12:16  Tempest  
  160  12:25  Tempest  
  160  12:37  Nexus  
  154  12:49  Tempest  
  144  12:52  Zealot x2  
  144  12:53  Zealot x3  
  144  13:08  Tempest  
  137  13:13  Stalker x2  
  131  13:20  High Templar  
  131  13:21  High Templar, Stalker  
  131  13:25  Archon  
  117  13:30  Tempest  
  113  13:49  High Templar x2  
  113  13:50  Zealot x2  
  113  13:56  Archon  
  113  13:58  Zealot x2  
  106  14:12  Zealot x3  
Show
View Real Time Build Order
Export as new Build Order

Hydra Zerg - Winner!

Build Orders: Hatch First, Lurkers 

Get SALT Encoding   

  12  0:00  Drone  
  13  0:12  Overlord  
  13  0:17  Drone  
  14  0:30  Drone x2  
  14  0:33  Drone  
  17  0:51  Hatchery  
  17  0:54  Drone  
  17  0:57  Drone  
  18  1:06  Drone  
  18  1:08  Extractor  
  18  1:15  Spawning Pool  
  18  1:18  Drone  
  18  1:27  Drone  
  19  1:38  Drone  
  20  1:46  Hatchery  
  19  1:48  Drone  
  20  2:00  Drone  
  21  2:02  Queen  
  21  2:05  Drone  
  24  2:11  Metabolic Boost  
  24  2:20  Queen  
  26  2:26  Overlord  
  26  2:28  Zergling x2  
  27  2:31  Zergling x2  
  28  2:43  Queen  
  30  2:44  Drone  
  30  2:45  Drone x2  
  30  2:48  Drone  
  35  2:51  Zergling x2  
  35  2:56  Overlord  
  35  2:58  Drone  
  36  3:01  Drone  
  36  3:04  Drone  
  38  3:08  Drone  
  38  3:09  Drone x2  
  38  3:11  Drone  
  42  3:15  Drone  
  42  3:16  Drone  
  42  3:19  Drone  
  45  3:23  Queen  
  45  3:26  Overlord  
  47  3:30  Drone  
  47  3:31  Drone  
  49  3:34  Overlord  
  49  3:35  Drone  
  50  3:46  Drone x3  
  50  3:48  Drone x2  
  54  3:51  Drone  
  54  3:52  Spore Crawler  
  54  3:53  Drone  
  54  3:54  Spore Crawler, Drone x3  
  57  3:58  Lair  
  57  4:04  Spore Crawler, Drone  
  57  4:06  Drone, Overlord  
  57  4:09  Extractor, Drone  
  58  4:10  Drone  
  58  4:13  Drone x3  
  58  4:16  Drone  
  58  4:17  Drone  
  64  4:18  Drone  
  65  4:25  Drone  
  65  4:26  Extractor  
  65  4:27  Extractor  
  65  4:30  Overlord  
  64  4:31  Drone  
  64  4:32  Drone x2  
  64  4:33  Drone x2  
  64  4:34  Extractor, Drone x2  
  64  4:37  Overlord x2  
  70  4:43  Overlord  
  68  4:54  Drone  
  68  4:56  Drone x2  
  71  5:00  Drone x2  
  71  5:01  Overseer, Hydralisk Den  
  71  5:02  Pneumatized Carapace  
  71  5:04  Drone x2  
  71  5:05  Extractor  
  71  5:07  Drone  
  74  5:10  Drone x2  
  74  5:11  Drone  
  74  5:12  Drone x2  
  74  5:13  Overlord  
  79  5:16  Overseer  
  79  5:18  Overseer  
  79  5:20  Hatchery  
  78  5:22  Evolution Chamber  
  78  5:27  Overlord  
  77  5:30  Muscular Augments, Hydralisk x2  
  77  5:33  Hydralisk  
  83  5:39  Drone  
  83  5:40  Drone  
  83  5:41  Hydralisk x2  
  89  5:46  Hydralisk x2  
  93  5:51  Zerg Missile Weapons Level 1  
  93  5:57  Drone x3  
  93  6:01  Drone  
  93  6:02  Infestation Pit  
  93  6:03  Extractor  
  92  6:05  Overlord x2  
  92  6:06  Extractor  
  91  6:14  Overlord  
  91  6:15  Overlord x2  
  91  6:25  Drone x2  
  91  6:26  Drone x4, Hydralisk  
  91  6:27  Hydralisk x2  
  91  6:32  Drone  
  104  6:33  Drone  
  104  6:38  Spire  
  104  6:39  Drone, Hive  
  106  6:40  Drone  
  106  6:41  Drone  
  106  6:42  Drone  
  107  6:48  Lurker Den  
  107  6:49  Hydralisk x3  
  107  6:50  Overseer  
  113  6:57  Drone  
  113  6:58  Drone  
  113  7:00  Spore Crawler, Hydralisk x4  
  121  7:05  Drone  
  121  7:07  Zergling x4  
  121  7:08  Zergling x6  
  127  7:09  Overlord x5  
  126  7:27  Drone x2  
  127  7:30  Zergling x6  
  127  7:35  Overseer  
  130  7:39  Drone  
  130  7:40  Drone x2  
  130  7:42  Drone x3  
  133  7:47  Drone x2  
  133  7:49  Spine Crawler x2  
  133  7:51  Spine Crawler, Viper  
  133  7:53  Greater Spire  
  134  8:04  Zerg Missile Weapons Level 2, Overlord x3  
  134  8:08  Hydralisk x5  
  134  8:12  Corruptor  
  144  8:13  Corruptor x4  
  154  8:24  Lurker x4  
  158  8:40  Corruptor x2  
  162  8:44  Queen x4  
  169  8:49  Hatchery  
  167  9:12  Brood Lord x5  
  167  9:13  Zergling x8  
  167  9:14  Zergling x24  
  191  9:23  Zergling x32  
  182  9:26  Brood Lord  
  156  9:40  Hydralisk x2  
  156  9:41  Hydralisk x2  
  156  9:43  Hydralisk x3  
  156  9:44  Hydralisk  
  166  9:49  Hydralisk  
  166  9:50  Hydralisk x2  
  153  9:58  Hydralisk x2  
  146  10:03  Hatchery, Hydralisk  
  147  10:07  Viper  
  147  10:09  Queen  
  152  10:19  Hydralisk  
  152  10:20  Hydralisk x3  
  154  10:32  Hydralisk  
  154  10:33  Hydralisk x3  
  160  10:39  Zerg Missile Weapons Level 3  
  160  10:42  Hydralisk x2  
  160  10:47  Queen  
  148  11:05  Hydralisk x7  
  154  11:14  Drone x3  
  154  11:15  Queen  
  154  11:17  Hydralisk x3  
  154  11:18  Hydralisk  
  167  11:27  Hydralisk x2  
  167  11:28  Hydralisk x2  
  175  11:36  Drone  
  175  11:39  Hydralisk x3  
  182  11:43  Overlord x2  
  182  11:44  Overlord  
  174  12:07  Corruptor x6  
  182  12:18  Hydralisk x4  
  182  12:22  Overseer  
  170  12:46  Hydralisk x4  
  170  12:47  Hydralisk x5  
  175  12:55  Hydralisk  
  175  12:56  Hydralisk x3  
  181  12:59  Queen, Drone x2  
  181  13:00  Extractor  
  181  13:01  Extractor  
  181  13:04  Hydralisk x3  
  179  13:19  Hydralisk x2  
  169  13:20  Hydralisk x3  
  177  13:30  Hydralisk x4  
  179  13:35  Hydralisk  
  179  13:39  Queen x2  
  179  13:49  Hydralisk x6  
Tags
 
Add a new tag
Caveats
  • Supply blocks, unpowered buildings, or Contaminate may cause inaccurate times.
  • Supply counts are checked every 10 seconds.